 Dungeon Crawl Stone Soup version 0.28-b1-25-g9875b3fc8c (webtiles) character file.

Game seed: 12170756702864199187

586 dorian the Cleaver (level 7, 0/55 HPs)
             Began as a Palentonga Fighter on Feb 7, 2022.
             Succumbed to a killer bee's poison
             ... on level 3 of the Dungeon.
             The game lasted 00:04:29 (3499 turns).

dorian the Cleaver (Palentonga Fighter)             Turns: 3499, Time: 00:04:30

Health: 0/55       AC:  6    Str: 21    XL:     7   Next: 15%
Magic:  7/7        EV:  7    Int:  8    God:
Gold:   111        SH:  4    Dex: 10    Spells: 6/6 levels left

rFire   . . .      SeeInvis +   a - +0 war axe
rCold   . . .      Faith    .   c - +0 buckler
rNeg    . . .      Spirit   .   b - +0 scale mail
rPois   .          Reflect  .   (no helmet)
rElec   .          Harm     .   (no cloak)
rCorr   .          Rampage  .   (no gloves)
Will    +....                   (no barding)
Stlth   ..........              (no amulet)
HPRegen 0.18/turn               l - ring of willpower
MPRegen 0.10/turn               (no ring)

@: lethally poisoned (0 -> -5)
A: large, rugged brown scales 3, see invisible, deformed body, roll 1, armoured
tail, reflexive curl
a: Rolling Charge


You were on level 3 of the Dungeon.
You visited 1 branch of the dungeon, and saw 4 of its levels.

You collected 111 gold pieces.

Inventory:

Hand Weapons
 a - a +0 war axe (weapon)
Armour
 b - a +0 scale mail (worn)
 c - a +0 buckler (worn)
Jewellery
 l - a ring of willpower (left hand)
Scrolls
 e - a scroll of blinking {unknown}
 f - a scroll of brand weapon {unknown}
 g - a scroll of teleportation
 h - 2 scrolls of enchant armour
 j - a scroll of fear
 k - a scroll of identify
Potions
 d - a potion of might


   Skills:
 - Level 3.0 Fighting
 + Level 8.0 Axes
 - Level 2.4 Armour
 - Level 2.4 Shields


You had 6 spell levels left.
You didn't know any spells.
Your spell library was empty.

Dungeon Overview and Level Annotations

Branches:
Dungeon (4/15)
 Temple: D:4-7

Altars:
Wu Jian


Innate Abilities, Weirdness & Mutations

You are completely covered in rugged brown scales. (AC +3, +7% HP)
You have supernaturally acute eyesight. (SInv)
Armour fits poorly on your strangely shaped body.
You can roll at nearby foes to attack.
You have a long armoured tail.
You curl defensively after being hit. (AC +7*)


Message History

You feel very sick.
The killer bee stings you but does no damage.
The killer bee stings you.
You completely miss the killer bee.
The killer bee is moderately wounded.
You feel sick. The killer bee stings you!
The killer bee stings you but does no damage.
You closely miss the killer bee. You tail-slap the killer bee.
The killer bee is heavily wounded.
You feel sick. The killer bee stings you.
* * * LOW HITPOINT WARNING * * *
The killer bee barely misses you.
You miss the killer bee.
The killer bee is heavily wounded.
You feel sick. The killer bee stings you.
* * * LOW HITPOINT WARNING * * *
You are lethally poisoned!
The killer bee poisons you!
The killer bee stings you but does no damage.
The killer bee closely misses you.
You slash the killer bee!
You kill the killer bee!
* * * LOW HITPOINT WARNING * * *
You feel very sick.
Your Axes skill increases to level 8!
* * * LOW HITPOINT WARNING * * *
You feel very sick.
Items here: ))) †.
* * * LOW HITPOINT WARNING * * *
You feel sick.
Okay, then.
There is a lethal amount of poison in your body!
Unknown command.
There is a lethal amount of poison in your body!
There is a lethal amount of poison in your body!
* * * LOW HITPOINT WARNING * * *
You feel sick.
Items here: ))) †.
Unknown command.
You die...

.......# .......# .......#
.......# .......# .......#
.......#
############################
...............÷@)........<#
############################
############ ...........#
#..........# #..........#
#..........# ...........#
...........#


There were no monsters in sight!

Vanquished Creatures
  Grinder (D:3)
  An ogre (D:3)
  3 killer bees (D:3)
  2 hounds (D:4)
  3 adders
  2 gnolls (D:3)
  A worm (D:3)
  3 dart slugs
  2 orcs
  7 ball pythons
  6 endoplasms
  4 giant cockroaches
  5 goblins (D:1)
  9 hobgoblins
  2 quokkas
  5 bats
  A frilled lizard (D:2)
  4 kobolds
  7 rats
68 creatures vanquished.

Notes
Turn   | Place    | Note
-------+----------+-------------------------------------------
     0 | D:1      | dorian the Palentonga Fighter began the quest for the Orb.
     0 | D:1      | Reached XP level 1. HP: 19/19 MP: 1/1
   259 | D:1      | Reached XP level 2. HP: 25/25 MP: 2/2
   280 | D:1      | Reached skill level 3 in Axes
   563 | D:1      | Reached XP level 3. HP: 31/31 MP: 3/3
  1043 | D:2      | Found an ornate altar of the Wu Jian Council.
  1078 | D:2      | Reached skill level 4 in Axes
  1783 | D:3      | Reached XP level 4. HP: 32/37 MP: 4/4
  2162 | D:3      | Noticed Grinder
  2204 | D:3      | Killed Grinder
  2205 | D:3      | Reached skill level 6 in Axes
  2205 | D:3      | Reached XP level 5. HP: 21/43 MP: 5/5
  2205 | D:3      | Reached XP level 6. HP: 25/50 MP: 6/6
  2738 | D:3      | Reached skill level 7 in Axes
  3137 | D:4      | Gained mutation: You curl defensively after being hit. (AC
                  | +7*) [Palentonga growth]
  3137 | D:4      | Reached XP level 7. HP: 52/55 MP: 7/7
  3496 | D:3      | Reached skill level 8 in Axes
  3497 | D:3      | HP: 1/55 [poisoned by a killer bee]
  3499 | D:3      | Succumbed to a killer bee's poison

Illustrated notes

Levels and vault maps discovered:
D:1:      erik_arrival_orb_chamber, layout_loops_corners
D:2:      layout_rooms, basic_altar, st_stairs_1
D:3:      layout_basic, uniq_grinder
D:4:      layout_rooms, nicolae_ossuary_entry_monument, uniq_blork_the_orc

Skill      XL: |  1  2  3  4  5  6  7 |
---------------+----------------------+-----
Axes           | 3 4 6 7 8 |  8.0
Fighting       | |  3.0
Armour         | |  2.4
Shields        | |  2.4

Action                   |  1- 3 |  4- 6 |  7- 9 || total
-------------------------+-------+-------+-------++-------
Melee: War axe           |   100 |    43 |    22 ||   165
       Tailslap          |    16 |     5 |     2 ||    23
 Abil: Rolling Charge    |       |     3 |       ||     3
  Use: Scroll            |       |     3 |       ||     3
       Potion            |       |     2 |       ||     2
Armor: Scale mail        |    51 |    18 |    15 ||    84
Dodge: Dodged            |    36 |    22 |    11 ||    69
Block: Buckler           |    14 |    13 |     5 ||    32
